 Dungeon Crawl Stone Soup version 0.31-a0-473-g61b50ae490 (webtiles) character file.

Game seed: 694830772089831516

9356 Midn8 the Dealer of Despair (level 11, -7/67 HPs)
             Began as a Deep Elf Hexslinger on Aug 6, 2023.
             Was an Elder of Kikubaaqudgha.
             Killed from afar by an acid dragon (19 damage)
             ... with a splash of acid
             ... on level 10 of the Dungeon.
             The game lasted 00:45:22 (12974 turns).

Midn8 the Dealer of Despair (Deep Elf Hexslinger)  Turns: 12974, Time: 00:45:23

Health: -7/67      AC:  4    Str:  5    XL:     11   Next: 22%
Magic:  11/26      EV: 15    Int: 27    God:    Kikubaaqudgha [****..]
Gold:   1097       SH:  0    Dex: 19    Spells: 0/28 levels left

rFire   . . .        a - +1 sling (heavy)
rCold   . . .        (no shield)
rNeg    . . .        c - +0 robe
rPois   .            z - +1 helmet
rElec   .            u - +0 cloak
rCorr   .            K - +0 pair of gloves
SInv    .            j - +1 pair of boots {Fly}
Will    ++...        (no amulet)
Stlth   ++           i - ring of willpower
HPRegen 0.31/turn    I - +6 ring of intelligence
MPRegen 0.20/turn

%: no passive effects
@: corroded, flying
A: no striking features
a: Renounce Religion, Unearth Wretches


You were on level 10 of the Dungeon.
You worshipped Kikubaaqudgha.
Kikubaaqudgha was greatly pleased with you.
You visited 1 branch of the dungeon, and saw 10 of its levels.
You also visited: Sewer and Bailey.

You collected 1097 gold pieces.

Inventory:

Hand Weapons
 a - a +1 heavy sling (weapon)
 b - the +8 dagger "Ruafum" {venom, rF- rC+++ rCorr Dex-2}
   (You found it on level 2 of the Dungeon)

   Dex:       It affects your dexterity (-2).
   rF:        It makes you vulnerable to fire.
   rC:        It renders you almost immune to cold.
   rCorr:     It protects you from acid and corrosion.
Missiles
 G - a curare-tipped dart
Armour
 c - a +0 robe (worn)
 h - a +1 pair of boots
 j - a +1 pair of boots of flying (worn)
 m - a +0 helmet
 u - a +0 cloak (worn)
 z - a +1 helmet (worn)
 K - a +0 pair of gloves (worn)
Jewellery
 i - a ring of willpower (left hand)
 I - a +6 ring of intelligence (right hand)
Wands
 q - a wand of paralysis (20)
 r - a wand of roots (9)
 x - a wand of digging (5)
Scrolls
 d - 3 scrolls of poison
 k - 2 scrolls of fog
 n - 4 scrolls of blinking
 s - a scroll of summoning
 v - a scroll of enchant weapon {unknown}
 w - a scroll of amnesia
 y - 3 scrolls of identify
 A - a scroll of silence {unknown}
 C - a scroll of noise {unknown}
 D - a scroll of teleportation {unknown}
 E - a scroll of fear {unknown}
 F - a scroll of revelation {unknown}
Potions
 e - a potion of magic
 f - 3 potions of attraction
 g - a potion of mutation
 l - a potion of brilliance
 o - 2 potions of curing
 p - 3 potions of lignification
 t - 3 potions of heal wounds
 B - 4 potions of enlightenment
 H - a potion of invisibility {unknown}
 J - a potion of ambrosia {unknown}


   Skills:
 + Level 7.0 Fighting
 - Level 8.0 Ranged Weapons
 - Level 6.0 Dodging
 - Level 9.0 Spellcasting
 - Level 7.0 Hexes
 - Level 9.0 Necromancy
 - Level 8.0 Earth Magic
 - Level 3.6 Evocations


You couldn't memorise any spells.
You knew the following spells:

 Your Spells              Type           Power      Damage    Failure   Level
a - Animate Dead          Necr           57%        N/A       1%          4
b - Borgnjor's Vile Clut  Necr/Erth      27%        N/A       4%          5
d - Tukima's Dance        Hex            49%        N/A       1%          3
e - Dispel Undead         Necr           57%        3d20      1%          4
f - Cause Fear            Hex            24%        N/A       2%          4
g - Anguish               Hex/Necr       26%        N/A       1%          4
s - Slow                  Hex            100%       N/A       1%          1
v - Vampiric Draining     Necr           57%        2d10      1%          3

Your spell library contained the following spells:

 Spells                   Type           Power      Damage    Failure   Level
 Kiss of Death            Conj/Necr      100%       2d13      1%          1
 Necrotise                Necr           100%       1d9       1%          1
 Cigotuvi's Dreadful Rot  Necr/Pois/Air  56%        N/A       1%          2
 Confusing Touch          Hex            49%        N/A       1%          3
 Inner Flame              Hex/Fire       31%        N/A       3%          3
 Portal Projectile        Hex/Tloc       62%        N/A       3%          3
 Summon Guardian Golem    Hex/Summ       31%        N/A       3%          3
 Agony                    Necr           57%        N/A       3%          5
 Summon Small Mammal      Summ           48%        N/A       4%          1
 Call Canine Familiar     Summ           12%        N/A       14%         3
 Iskenderun's Mystic Bla  Conj/Tloc      12%        2d5       43%         4
 Simulacrum               Ice/Necr       18%        N/A       75%         6


Dungeon Overview and Level Annotations

Branches:
Dungeon (10/15)            Temple (0/1) D:5            Lair (0/5) D:9
    Orc (0/2) D:9           Sewer (visited)          Bailey (visited)

Altars:
Ashenzari
Elyvilon
Gozag
Kikubaaqudgha
Makhleb
Okawaru
Qazlal
Ru
Trog
Wu Jian
Xom
Yredelemnul
The Shining One

Shops:
D:1 [

Annotations:
D:8 2 transporters, arthad's ghost, journeyman DsFE


Message History

The zombie hands constrict the acid dragon!
The acid dragon bites you. The acid dragon closely misses you.
Casting: Borgnjor's Vile Clutch (dangerous; 4% risk of failure)
Confirm with . or Enter, or press ? or * to list all spells.
Casting: Anguish (dangerous; 1% risk of failure)
Press: ? - help, Dir - look around, f - activate The wizard resists with almost no effort.
The acid dragon is haunted by guilt!
The zombie hands constrict the acid dragon, but do no damage.
The acid dragon barely misses you. The acid dragon closely misses you.
Unknown command.
Casting: Anguish (dangerous; 1% risk of failure)
Confirm with . or Enter, or press ? or * to list all spells.
Casting: Anguish (dangerous; 1% risk of failure)
Press: ? - help, Dir - look around, f - activate The steam dragon resists with almost no effort.
The wizard resists with almost no effort.
The zombie hands constrict the acid dragon.
The wizard hits you with a +0 dagger of freezing.
The wizard freezes you. The acid dragon bites you!
* * * LOW HITPOINT WARNING * * *
The acid dragon is wracked by anguish!
The acid dragon claws you.
* * * LOW HITPOINT WARNING * * *
The acid dragon is wracked by anguish.
Unknown command.
Casting: Anguish (dangerous; 1% risk of failure)
Confirm with . or Enter, or press ? or * to list all spells.
Aiming: Vampiric Draining (safe; 1% risk of failure)
Press: ? - help, Shift-Dir - straight line, f - wizard
Aim: a wizard, wielding a +0 dagger of freezing and wearing a +0 robe You draw life force from the wizard!
You feel life coursing into your body.
The zombie hands constrict the acid dragon.
The wizard hits you with a +0 dagger of freezing.
* * * LOW HITPOINT WARNING * * *
The wizard freezes you.
* * * LOW HITPOINT WARNING * * *
The acid dragon spits acid at you. The splash of acid hits you!!
You die...
Kikubaaqudgha rasps: "You have failed me!
Welcome... death!"

### ##.#########
##...<......#
########........p#.#
.......##...####@#.#
...........## #D#.#
.#####.###.# #.#.#
[#####.###.# #.#.#
........##.## #.#.#
............# #D#.#
..####..##..# #.#†#
.Z####..##..# #..##
#### .Z.Z........#
#§'# #..#


You could see a wizard, a steam dragon and an acid dragon (catching breath,
clutched, anguished).

Vanquished Creatures
  2 orc knights (Bailey)
  A hornet (D:9)
  A wraith (D:10)
  2 shadows (D:10)
  11 yaks
  A steam dragon (D:9)
  An acid dragon (D:9)
  An ice beast (D:6)
  2 water moccasins (D:5)
  5 orc warriors
  A sky beast (D:6)
  An ogre (D:7)
  A phantom (D:5)
  3 kobold brigands
  2 wyvern zombies (D:5)
  A scorpion (D:9)
  3 water moccasin zombies (D:5)
  8 wights
  A water moccasin skeleton (D:5)
  2 jellies (D:5)
  7 killer bees
  2 howler monkeys (D:8)
  4 bullfrog zombies (D:5)
  A centaur zombie (D:5)
  3 hounds
  5 orc priests
  A sleepcap (D:5)
  2 bullfrog skeletons (D:5)
  4 scorpion zombies (D:5)
  4 iguanas
  3 orc wizards
  Ijyb (D:3)
  2 hound zombies (D:5)
  A howler monkey zombie (D:5)
  3 gnolls
  11 adders
  A shadow imp (D:4)
  2 white imps (D:6)
  An ufetubus (D:5)
  3 worms
  4 dart slugs
  19 orcs
  9 endoplasms
  9 giant cockroaches
  10 hobgoblins
  25 kobolds
  5 quokkas
  5 ball pythons
  8 bats
  3 frilled lizards
  9 goblins
  9 rats
226 creatures vanquished.

Vanquished Creatures (collateral kills)
  A wyvern (D:10)
  3 yaks (D:8)
  A wraith (D:9)
  A water moccasin (D:9)
  5 orc warriors
  2 bullfrogs
  2 wights
  A jelly (D:5)
  A gnoll bouda (D:5)
  4 orc priests
  An orc wizard (D:10)
  A gnoll (D:5)
  A shadow imp (D:7)
  5 orcs
  A goblin (Bailey)
  2 kobolds
32 creatures vanquished.

Vanquished Creatures (others)
  A two-headed ogre (D:10)
  6 dancing weapons
  2 acid dragons (D:10)
  An orc warrior (D:10)
  6 yak zombies
  An orc wizard (D:9)
  3 killer bee zombies
  12 kobold zombies
  An ogre zombie (D:7)
  2 hound zombies
  7 orc zombies
  2 adder zombies (D:6)
44 creatures vanquished.

Grand Total: 302 creatures vanquished

Notes
Turn   | Place    | Note
-------+----------+-------------------------------------------
     0 | D:1      | Midn8 the Deep Elf Hexslinger began the quest for the Orb.
     0 | D:1      | Reached XP level 1. HP: 11/11 MP: 5/5
   312 | D:1      | Reached XP level 2. HP: 16/16 MP: 6/6
   426 | D:1      | Found Geoxayxu's Armour Boutique.
   977 | D:2      | Identified the +8 dagger "Ruafum" {venom, rF- rC+++ rCorr
                  | Dex-2}
  1060 | D:2      | Reached XP level 3. HP: 20/20 MP: 7/7
  1179 | D:2      | Found a burning altar of Makhleb.
  1380 | D:2      | Reached skill level 5 in Ranged Weapons
  1598 | D:3      | Found an ancient bone altar of Kikubaaqudgha.
  1663 | D:4      | Reached XP level 4. HP: 24/24 MP: 8/8
  1669 | D:4      | Found a glowing drain.
  1696 | Sewer    | Entered a sewer
  1778 | D:3      | Became a worshipper of Kikubaaqudgha
  1814 | D:3      | Found a faded altar of an unknown god.
  1917 | D:3      | Noticed Ijyb
  1927 | D:3      | Killed Ijyb
  1928 | D:3      | Reached skill level 1 in Fighting
  2512 | D:3      | Found a stormy altar of Qazlal.
  2622 | D:4      | Reached XP level 5. HP: 30/30 MP: 9/9
  2626 | D:4      | Learned a level 3 spell: Tukima's Dance
  2834 | D:4      | Reached skill level 5 in Hexes
  3300 | D:5      | Entered Level 5 of the Dungeon
  3357 | D:5      | Reached XP level 6. HP: 35/35 MP: 12/12
  3371 | D:5      | Reached * piety under Kikubaaqudgha
  3371 | D:5      | Received a gift from Kikubaaqudgha
  3421 | D:5      | Learned a level 4 spell: Cause Fear
  3735 | D:5      | Reached skill level 1 in Necromancy
  3763 | D:5      | Reached XP level 7. HP: 27/40 MP: 15/15
  3768 | D:5      | Learned a level 4 spell: Animate Dead
  3865 | D:5      | Found a staircase to the Ecumenical Temple.
  4080 | D:5      | Reached skill level 5 in Necromancy
  4525 | D:5      | Reached XP level 8. HP: 22/44 MP: 4/16
  5277 | D:5      | Reached ** piety under Kikubaaqudgha
  5696 | D:5      | Found a basalt altar of Yredelemnul.
  5709 | D:5      | Reached skill level 5 in Spellcasting
  5951 | D:5      | Learned a level 3 spell: Vampiric Draining
  6385 | D:6      | Learned a level 4 spell: Dispel Undead
  6445 | D:6      | Found an opulent altar of Gozag.
  6662 | D:6      | Reached XP level 9. HP: 49/49 MP: 10/20
  6750 | D:6      | Found a shimmering altar of Xom.
  7063 | D:6      | Found a glowing golden altar of the Shining One.
  7779 | D:7      | Reached skill level 1 in Evocations
  7903 | D:7      | Found a white marble altar of Elyvilon.
  8429 | D:7      | Found a sacrificial altar of Ru.
  8504 | D:8      | Found a transporter.
  8504 | D:8      | Found a transporter.
  8506 | D:8      | Found a bloodstained altar of Trog.
  8506 | D:8      | Noticed a two-headed ogre
  8506 | D:8      | Noticed arthad's ghost (journeyman DsFE)
  8521 | D:8      | Noticed a moth of wrath
  8546 | D:8      | Found a flagged portal.
  8550 | D:8      | Reached *** piety under Kikubaaqudgha
  8550 | D:8      | Received a gift from Kikubaaqudgha
  8559 | Bailey   | Entered a bailey
  8766 | Bailey   | Identified the +1 war axe of Wuehy {freeze, Str+5}
  8945 | Bailey   | Noticed an orc knight
  8967 | Bailey   | Killed an orc knight
  9062 | Bailey   | Learned a level 5 spell: Borgnjor's Vile Clutch
  9069 | Bailey   | Noticed an orc knight
  9110 | Bailey   | Killed an orc knight
  9111 | Bailey   | Reached XP level 10. HP: 16/58 MP: 7/25
  9537 | D:8      | Reached skill level 5 in Earth Magic
 10458 | D:8      | Found a broken altar of Ashenzari.
 10473 | D:9      | Found a staircase to the Lair.
 10919 | D:9      | Reached skill level 5 in Fighting
 11244 | D:9      | Found a staircase to the Orcish Mines.
 11275 | D:9      | Found a bloodstained altar of Trog.
 11446 | D:9      | Found an ornate altar of the Wu Jian Council.
 11969 | D:10     | Entered Level 10 of the Dungeon
 12058 | D:10     | Found an iron altar of Okawaru.
 12106 | D:10     | Reached skill level 5 in Dodging
 12109 | D:10     | Reached **** piety under Kikubaaqudgha
 12111 | D:10     | Reached XP level 11. HP: 63/64 MP: 8/26
 12204 | D:10     | Learned a level 4 spell: Anguish
 12271 | D:10     | Found a burning altar of Makhleb.
 12521 | D:10     | Noticed a two-headed ogre
 12526 | D:10     | Killed a two-headed ogre
 12819 | D:10     | Noticed a wizard
 12974 | D:10     | Killed from afar by an acid dragon

Illustrated notes

Levels and vault maps discovered:
D:1:      dpeg_cavernosity, layout_rooms, serial_corexii_hall,
          chequers_hall_statues_corner_a, chequers_hall_statues_corner_a,
          serial_shops, shop
D:2:      layout_basic, basic_altar, minmay_hexomino_u4
D:3:      layout_loops_corners, overflow_temple_1_default, lemuel_tele_altar,
          hellmonk_ecumenical_altar_arch_garden, serial_glass, glass_columns_a,
          glass_columns_a, glass_columns_a, glass_columns_a, glass_columns_c,
          glass_columns_c, uniq_ijyb
D:4:      layout_cave_pools, gup_sewer_entry_pipe, minmay_small_thing
D:5:      layout_basic, nicolae_yredelemnul_corpse_copse,
          minmay_temple_entry_crystal_x, serial_undead, serial_undead_a,
          serial_undead_a, serial_undead_d, serial_undead_a
D:6:      layout_basic, nicolae_gozag_seed_capital, tso_metal_star,
          xom_teletrap_fun
D:7:      layout_loops_ring, nicolae_ru_path_of_blood,
          mainiacjoe_overflow_catwalk
D:8:      layout_basic, mainiacjoe_overflow_alcove_4, enter_bailey_3,
          gammafunk_ghost_wrathful_warriors
D:9:      layout_stronghold, trog_butcher_becter,
          mainiacjoe_overflow_cross_hatched, lair_entry_dummy, orc_0_dummy
D:10:     layout_loops_ring, mainiacjoe_overflow_surrounded_room,
          amcnicky_altar_gilded, lightli_fourway_metalbox

Skill      XL: |  1  2  3  4  5  6  7  8  9 10 11 |
---------------+----------------------------------+-----
Ranged Weapons | 3 4 5 6 8 |  8.0
Fighting       | 2 4 6 7 |  7.0
Spellcasting   | 3 4 6 9 |  9.0
Hexes          | 5 7 |  7.0
Necromancy     | 2 6 9 |  9.0
Evocations     | 3 |  3.6
Earth Magic    | 3 8 |  8.0
Dodging        | 5 6 |  6.0

Action                     |  1- 3 |  4- 6 |  7- 9 | 10-12 || total
---------------------------+-------+-------+-------+-------++-------
  Melee: Dagger            |       |       |    20 |    29 ||    49
         Punch             |       |       |     1 |       ||     1
   Fire: Sling             |   136 |   214 |   566 |    72 ||   988
   Cast: Slow              |       |    10 |    17 |       ||    27
         Tukima's Dance    |       |     5 |    36 |     3 ||    44
         Animate Dead      |       |       |    18 |     7 ||    25
         Cause Fear        |       |       |    10 |     3 ||    13
         Vampiric Draining |       |       |     8 |     4 ||    12
         Dispel Undead     |       |       |     2 |     9 ||    11
         Borgnjor's Vile C |       |       |       |    30 ||    30
         Anguish           |       |       |       |     7 ||     7
 Invoke: Unearth Wretches  |       |       |     1 |       ||     1
  Evoke: Wand              |       |     2 |     4 |       ||     6
    Use: Scroll            |     2 |     4 |     8 |     2 ||    16
         Potion            |     1 |       |     1 |       ||     2
   Stab: Sleeping          |       |       |       |     1 ||     1
 Armour: Robe              |    21 |    20 |   108 |    12 ||   161
  Dodge: Dodged            |    57 |    57 |   277 |    42 ||   433

Table legend: (Time is in decaauts)
 A = Elapsed time spent in this place.
 B = Non-inter-level travel time spent in this place.
 C = Inter-level travel time spent in this place.
 D = Time resting spent in this place.
 E = Time spent auto-exploring this place.
 F = Levels seen in this place.
 G = Mean time per level.
                   A        B        C        D        E       F      G
               +--------+--------+--------+--------+--------+-----+--------+
         Total |  13611 |  13170 |    441 |   3941 |   6332 |  12 | 1134.2 |
       Dungeon |  12710 |  12269 |    441 |   3601 |   6226 |  10 | 1271.0 |
         Sewer |     62 |     62 |      0 |      0 |      0 |   1 |   62.0 |
        Bailey |    837 |    837 |      0 |    340 |    106 |   1 |  837.0 |
               +--------+--------+--------+--------+--------+-----+--------+

Top non-repeatable levels by time:
     D:5: 2579 daAuts
     D:9: 1747 daAuts
     D:8: 1415 daAuts
     D:6: 1331 daAuts
     D:4: 1239 daAuts
    D:10: 999 daAuts
     D:3: 998 daAuts
     D:7: 922 daAuts
  Bailey: 837 daAuts
     D:1: 835 daAuts
     D:2: 640 daAuts
   Sewer: 62 daAuts
